 Dungeon Crawl Stone Soup version 0.31-a0-236-g9a0961fb85 (webtiles) character file.

Game seed: 10325285371619566537

37 qw the Shooter (level 3, -2/29 HPs)
             Began as a Minotaur Hexslinger on July 10, 2023.
             Killed from afar by Natasha (7 damage)
             ... with a magic dart
             ... on level 2 of the Dungeon.
             The game lasted 00:00:23 (575 turns).

qw the Shooter (Minotaur Hexslinger)                 Turns: 575, Time: 00:00:23

Health: -2/29      AC:  5    Str: 12    XL:     3   Next: 21%
Magic:  3/3        EV: 11    Int: 10    God:
Gold:   87         SH:  0    Dex: 14    Spells: 3/4 levels left

rFire   . . .        Y - +1 sling
rCold   . . .        (no shield)
rNeg    . . .        g - +0 ring mail
rPois   .            (helmet restricted)
rElec   .            (no cloak)
rCorr   .            (no gloves)
SInv    .            (no boots)
Will    .....        (no amulet)
Stlth   +            (no ring)
HPRegen 0.24/turn    (no ring)
MPRegen 0.08/turn

%: no passive effects
@: slowed, very slow
A: horns 2, retaliatory headbutt
a: no special abilities


You were on level 2 of the Dungeon.
You visited 1 branch of the dungeon, and saw 2 of its levels.

You collected 87 gold pieces.


Innate Abilities, Weirdness & Mutations

You have a pair of horns on your head.
You reflexively headbutt those who attack you in melee.


   Skills:
 - Level 2.0 Fighting
 + Level 3.8 Ranged Weapons
 - Level 2.1 Dodging
 - Level 1.0 Spellcasting
 - Level 2.0 Hexes


You had 3 spell levels left.
You knew the following spells:

 Your Spells              Type           Power      Damage    Failure   Level
a - Slow                  Hex            16%        N/A       34%         1

Your spell library contained the following spells:

 Spells                   Type           Power      Damage    Failure   Level
 Inner Flame              Hex/Fire       2%         N/A       83%         3
 Portal Projectile        Hex/Tloc       4%         N/A       83%         3
 Cause Fear               Hex            2%         N/A       98%         4

Inventory:

Hand Weapons
 Y - a +1 sling (weapon)
Armour
 g - a +0 ring mail (worn)
Scrolls
 a - a scroll of identify {unknown}
Potions
 d - a potion of resistance {unknown}

Dungeon Overview and Level Annotations

Branches:
Dungeon (2/15)

Altars:

Annotations:
D:2 Natasha


Message History

The endoplasm barely misses you.
You shoot a sling bullet. The sling bullet hits the endoplasm.
The endoplasm is moderately wounded.
The endoplasm freezes you.
You are frozen.
You shoot a sling bullet. The sling bullet hits the endoplasm.
You kill the endoplasm!
You start resting.
HP restored.
Natasha, Servant of Life and Death comes into view.
Found 7 stones.
Natasha hisses angrily.
You shoot a sling bullet. The sling bullet hits Natasha.
Natasha is lightly wounded.
You shoot a sling bullet.
The sling bullet hits Natasha but does no damage.
Natasha is lightly wounded.
Natasha stares at you and mumbles some strange words.
The magic dart hits you!
You shoot a sling bullet. The sling bullet barely misses Natasha.
You shoot a sling bullet. The sling bullet barely misses Natasha.
Natasha stares at you and mumbles some strange words.
You feel yourself slow down.
You shoot a sling bullet.
The sling bullet closely misses Natasha.
Natasha claws you but does no damage. Natasha claws you.
You shoot a sling bullet.
The sling bullet closely misses Natasha.
Natasha claws you! Natasha claws you but does no damage.
You shoot a sling bullet.
The sling bullet closely misses Natasha.
Natasha stares at you and mumbles some strange words.
The magic dart hits you. Natasha closely misses you. You furiously retaliate!
You headbutt Natasha. You shoot a sling bullet.
The sling bullet barely misses Natasha.
Natasha mumbles some strange words.
Natasha shimmers violently.
Natasha stares at you and mumbles some strange words.
The magic dart hits you!
You die...

..... ..... #######
.!....########.....#####
.............'.../...[..
......########.....##...
....... #.....##.##
......h#######.....##.##
.......@.....'.....##.##
(......#######.....##.#.
....... #.....##.#.
....... #.....##.#.
....... #.....# #.
....... ####### #.
....... #. ....... #. #.


You could see Natasha.

Vanquished Creatures
  2 dart slugs
  4 endoplasms
  4 goblins
  4 hobgoblins (D:1)
  7 ball pythons (D:1)
  4 bats (D:1)
  A frilled lizard (D:2)
  3 kobolds (D:1)
  2 rats
31 creatures vanquished.

Notes
Turn   | Place    | Note
-------+----------+-------------------------------------------
     0 | D:1      | qw the Minotaur Hexslinger began the quest for the Orb.
     0 | D:1      | Reached XP level 1. HP: 16/16 MP: 1/1
     0 | D:1      | 0 ||| qw: Version: 0.3-a-51-g015441d
     0 | D:1      | 0 ||| qw: Game counter: 4467
     0 | D:1      | 0 ||| qw: Melee chars always use a shield: true
     0 | D:1      | 0 ||| qw: God list: Okawaru
     0 | D:1      | 0 ||| qw: Allow faded altars: false
     0 | D:1      | 0 ||| qw: Do Orc after clearing Dungeon:15 true
     0 | D:1      | 0 ||| qw: Do second Lair branch before Depths: true
     0 | D:1      | 0 ||| qw: Lair rune preference: random
     0 | D:1      | 0 ||| qw: Goals: Normal
     0 | D:1      | 0 ||| PLANNING D:1-11
    82 | D:1      | Found a faded altar of an unknown god.
   119 | D:1      | Reached skill level 3 in Ranged Weapons
   119 | D:1      | Reached XP level 2. HP: 23/23 MP: 2/2
   395 | D:1      | Reached XP level 3. HP: 29/29 MP: 3/3
   440 | D:1      | 440 ||| UPGRADING to +0 ring mail.
   450 | D:1      | 450 ||| DROPPING +0 robe.
   451 | D:1      | 451 ||| READING scroll labelled TIOVYT EPTAHEJ.
   454 | D:1      | 454 ||| READING scroll labelled MAALYGG HYNKU.
   455 | D:1      | 455 ||| DROPPING scroll of poison.
   567 | D:2      | Noticed Natasha
   574 | D:2      | HP: 5/29 [Natasha/magic dart (5)]
   575 | D:2      | Killed from afar by Natasha

Levels and vault maps discovered:
D:1:      dpeg_arrival_refuge, layout_rooms, ebering_ecumenical_altar_hall,
          chequers_garden
D:2:      layout_basic, uniq_robin, uniq_terence, uniq_natasha

Skill      XL: |  1  2 |
---------------+-------+-----
Ranged Weapons | 3 |  3.8
Fighting       | 2 |  2.0
Dodging        | |  2.1
Spellcasting   | |  1.0
Hexes          | |  2.0

Action                     || total
---------------------------++-------
   Fire: Sling             ||    94
    Use: Scroll            ||     2
 Armour: Robe              ||     9
         Ring mail         ||     5
  Dodge: Dodged            ||    20

Table legend:
 A = Non-vault XP
 B = Vault XP
 C = Vault XP percentage of total XP
 D = Non-vault monster count
 E = Vault monster count
 F = Vault count percentage of total count
                 A         B        C        D         E       F
            +---------+---------+-------+---------+---------+-------
      Total |      51 |       2 |   3.8 |      30 |       1 |   3.2
            +---------+---------+-------+---------+---------+-------
        D:1 |      41 |       0 |   0.0 |      25 |       0 |   0.0
        D:2 |      10 |       2 |  16.7 |       5 |       1 |  16.7
            +---------+---------+-------+---------+---------+-------
